 Dungeon Crawl Stone Soup version 0.29.0-5-ge4962eb29e (webtiles) character file.

Game seed: 1955412836516019232

459 RascalDebosk the Shield-Bearer (level 6, 0/56 HPs)
             Began as a Minotaur Fighter on Aug 29, 2022.
             Slain by an orc wizard
             ... wielding a +0 dagger
              (1 damage)
             ... on level 4 of the Dungeon.
             The game lasted 00:19:39 (2558 turns).

RascalDebosk the Shield-Bearer (Minotaur Fighter)   Turns: 2558, Time: 00:19:39

Health: 0/56       AC:  7    Str: 23    XL:     6   Next: 78%
Magic:  5/5        EV:  9    Int:  5    God:
Gold:   196        SH:  4    Dex:  9    Spells: 5/5 levels left

rFire   . . .      SeeInvis .   a - +0 war axe
rCold   . . .      Faith    .   c - +0 buckler
rNeg    . . .      Spirit   .   b - +0 scale mail
rPois   .          Reflect  .   (helmet restricted)
rElec   .          Harm     .   (no cloak)
rCorr   .          Rampage  .   (no gloves)
Will    .....                   (no boots)
Stlth   ..........              (no amulet)
HPRegen 0.18/turn               (no ring)
MPRegen 0.09/turn               (no ring)

@: no status effects
A: horns 2, retaliatory headbutt
a: no special abilities


You were on level 4 of the Dungeon.
You visited 1 branch of the dungeon, and saw 4 of its levels.

You collected 196 gold pieces.

Inventory:

Hand Weapons
 a - a +0 war axe (weapon)
Missiles
 d - 2 poisoned darts (quivered)
 m - 13 stones
 o - 5 javelins
Armour
 b - a +0 scale mail (worn)
 c - a +0 buckler (worn)
Magical Staves
 w - a staff of poison
Scrolls
 g - 2 scrolls of vulnerability {unknown}
 h - a scroll of fear {unknown}
 i - 7 scrolls of identify {unknown}
 j - 3 scrolls of enchant weapon {unknown}
 n - a scroll of noise {unknown}
 r - a scroll of fog {unknown}
 s - a scroll of enchant armour {unknown}
 t - a scroll of summoning {unknown}
 u - 3 scrolls of teleportation {unknown}
Potions
 e - 2 potions of curing {unknown}
 f - a potion of attraction {unknown}
 k - 2 potions of lignification {unknown}
 l - 2 potions of magic {unknown}
 p - 3 potions of heal wounds {unknown}
 q - a potion of resistance {unknown}
 v - a potion of invisibility {unknown}
 x - a potion of ambrosia {unknown}


   Skills:
 + Level 5.2 Fighting
 + Level 4.4 Axes
 + Level 2.9 Throwing
 + Level 5.2 Armour
 + Level 5.2 Shields


You had 5 spell levels left.
You didn't know any spells.
Your spell library contained the following spells:

 Spells                   Type           Power      Damage    Failure   Level
 Apportation              Tloc           0%         N/A       86%         1
 Necrotise                Necr           0%         1d4       86%         1
 Summon Small Mammal      Summ           0%         N/A       86%         1
 Call Canine Familiar     Summ           0%         N/A       99%         3
 Summon Guardian Golem    Hex/Summ       0%         N/A       99%         3


Dungeon Overview and Level Annotations

Branches:
Dungeon (4/15)
 Temple: D:4-7

Altars:


Innate Abilities, Weirdness & Mutations

You have a pair of horns on your head.
You reflexively headbutt those who attack you in melee.


Message History

The giant cockroach is severely wounded.
You hit the orc wizard but do no damage.
The giant cockroach bites you but does no damage.
The orc wizard hits you with a +0 dagger.
* * * LOW HITPOINT WARNING * * *
The giant cockroach bites you but does no damage.
The giant cockroach attacks as you move away!
The giant cockroach bites you but does no damage.
Something hits you but does no damage.
You completely miss the orc wizard. You slash the giant cockroach!
You kill the giant cockroach!
You completely miss something.
The orc wizard hits you with a +0 dagger.
* * * LOW HITPOINT WARNING * * *
Something hits you but does no damage. The orc hits you with a +0 club.
* * * LOW HITPOINT WARNING * * *
The orc wizard barely misses you. Something hits you but does no damage.
You barely miss something. You closely miss the orc wizard. You hit the orc.
The orc wizard hits you but does no damage.
The orc barely misses you. Something hits you but does no damage.
You miss something. Your headbutt misses something. You hit the orc.
You miss the orc wizard.
The orc wizard hits you with a +0 dagger.
* * * LOW HITPOINT WARNING * * *
The orc hits you with a +0 club.
* * * LOW HITPOINT WARNING * * *
You hear some strange, mumbled words.
A magic dart appears from out of thin air!
The magic dart hits you but does no damage.
The orc wizard misses you.
You closely miss the orc.
The orc is moderately wounded.
You miss the orc wizard.
You feel less confused.
The orc wizard hits you with a +0 dagger.
* * * LOW HITPOINT WARNING * * *
The orc hits you with a +0 club.
* * * LOW HITPOINT WARNING * * *
The orc wizard hits you with a +0 dagger.
You die...

#..⌠...⌠..##
...........#. ...###
..)..⌠.....#.. ......
..<)....>..#..# ......
.....⌠.....#...# ##.....
...........#....###....#
#..⌠...⌠..## ..........#
##.......## #......#
#.........# #@†...#####.
.........## #.o.........
####......##
#o.......... #....#..#
#......####.
#...###†#####....###
#..# #..#.....#..# #..
#.......###..# ##.
#......## .... ##.....#
....


You could see an orc wizard and an orc.

Vanquished Creatures
  Sigmund (D:2)
  An ogre (D:4)
  A phantom (D:4)
  A hound (D:4)
  An orc priest (D:4)
  4 adders
  A worm (D:3)
  A dart slug (D:1)
  An orc (D:4)
  5 ball pythons
  4 bats
  7 endoplasms
  3 giant cockroaches
  5 goblins
  4 hobgoblins
  A quokka (D:1)
  2 frilled lizards
  4 kobolds
  5 rats
52 creatures vanquished.

Vanquished Creatures (others)
  2 demonic plants (D:1)
  4 fungi (D:1)
  3 plants (D:1)
9 creatures vanquished.

Grand Total: 61 creatures vanquished

Notes
Turn   | Place    | Note
-------+----------+-------------------------------------------
     0 | D:1      | RascalDebosk the Minotaur Fighter began the quest for the
                  | Orb.
     0 | D:1      | Reached XP level 1. HP: 19/19 MP: 0/0
    96 | D:1      | Found a faded altar of an unknown god.
   130 | D:1      | Reached XP level 2. HP: 27/27 MP: 1/1
   979 | D:2      | Reached skill level 1 in Throwing
  1018 | D:2      | Noticed Sigmund
  1025 | D:2      | Killed Sigmund
  1026 | D:2      | Reached XP level 3. HP: 25/34 MP: 2/2
  1026 | D:2      | Reached XP level 4. HP: 31/41 MP: 3/3
  1026 | D:2      | Reached XP level 5. HP: 35/47 MP: 4/4
  2271 | D:4      | Noticed an ogre
  2278 | D:4      | Killed an ogre
  2279 | D:4      | Reached skill level 5 in Fighting
  2279 | D:4      | Reached XP level 6. HP: 16/56 MP: 5/5
  2512 | D:4      | Reached skill level 5 in Armour
  2512 | D:4      | Reached skill level 5 in Shields
  2558 | D:4      | HP: 1/56 [orc/+0 club (3)]
  2558 | D:4      | Slain by an orc wizard

Illustrated notes

Levels and vault maps discovered:
D:1:      lemuel_arrival_tunnels, layout_rooms, shapermc_ecumenical_altar_gd
D:2:      layout_loops_ring, uniq_sigmund
D:3:      layout_basic
D:4:      kennysheep_spiral_hall, layout_layer_cave, grunt_ministairs_10,
          kennysheep_generic_room_3

Skill      XL: |  1  2  3  4  5  6 |
---------------+-------------------+-----
Throwing       | 2 |  2.9
Fighting       | 4 5 |  5.2
Axes           | 3 4 |  4.4
Armour         | 4 5 |  5.2
Shields        | 4 5 |  5.2

Action                   |  1- 3 |  4- 6 || total
-------------------------+-------+-------++-------
Melee: War axe           |    62 |    72 ||   134
       Headbutt          |     9 |     7 ||    16
Throw: Stone             |     3 |       ||     3
       Dart              |       |    18 ||    18
  Use: Potion            |     1 |       ||     1
Armor: Scale mail        |    44 |    36 ||    80
Dodge: Dodged            |    34 |    29 ||    63
Block: Buckler           |    14 |    13 ||    27
